AoeStats
← DK_Odysseo

Arena

507353185Analyzed
4v4 RM · 14d ago on Sep 17, 2026· 33m 3s· 8 players
Game mode
Random Map
Map size
Large (8 player)
Population
200
Speed
Normal
Resources
Standard
Victory
Conquest
Starting age
Dark Age
Ending age
Imperial Age
RankedLock teamsTeams togetherTeam positionsShared explorationLock speedFull tech treeHidden civsTurbo modeCheats
Victory
Defeat
🇲🇾 Chinese · Malaysia
1898
+5
🇸🇪 Byzantines · Sweden
1891
+5
🇫🇷 Japanese · France
1835
+6
🇦🇺 Inca · Australia
1832
+6
🇪🇸 Jurchens · Spain
1704
-8
🇪🇸 Teutons · Spain
1575
-5
🇪🇸 Ethiopians · Spain
1547
-5
🇪🇸 Romans · Spain
1523
-4
Yakul
10:07 Feudal Age
13:54 Castle Age
13:16 Double-Bit Axe
13:12 Horse Collar
15:21 Bow Saw
19:54 Gold Mining
22:03 Wheelbarrow
25:38 Imperial Age
22:55 Loom
23:33 Fletching
23:52 Heavy Plow
24:03 Crossbowman
25:24 Hand Cart
25:49 Bodkin Arrow
27:21 Chemistry
26:55 Bracer
27:33 Gold Shaft Mining
27:42 Padded Archer Armor
28:34 Ballistics
28:00 Arbalester
28:20 Elite Skirmisher
29:53 Leather Archer Armor
31:07 Ring Archer Armor
=)Svanhilde
10:54 Feudal Age
11:58 Double-Bit Axe
12:18 Horse Collar
14:50 Castle Age
15:32 Wheelbarrow
15:43 Bow Saw
15:33 Heavy Plow
16:26 Loom
27:05 Heavy Plow
29:03 Hand Cart
30:26 Gold Mining
30:29 Stone Mining
32:01 Coinage
32:10 Gold Shaft Mining
35:16 Imperial Age
32:45 Treadmill Crane
32:55 Guard Tower
B3rserk
0:26 Loom
11:55 Feudal Age
16:04 Castle Age
15:36 Double-Bit Axe
17:22 Bow Saw
17:55 Bow Saw
29:45 Imperial Age
28:06 Wheelbarrow
27:59 Gold Mining
27:50 Horse Collar
28:14 Fletching
29:07 Bodkin Arrow
31:03 Hand Cart
32:00 Chemistry
31:52 Bracer
33:11 Ballistics
0653599
9:41 Feudal Age
13:11 Castle Age
11:07 Double-Bit Axe
11:18 Horse Collar
14:13 Heavy Plow
14:56 Bow Saw
21:03 Gold Mining
21:00 Champi Runner
21:42 Squires
23:24 Wheelbarrow
23:19 Champi Warrior
23:55 Loom
24:51 Hand Cart
24:33 Arson
25:42 Scale Mail Armor
26:27 Treadmill Crane
29:25 Imperial Age
27:51 Chain Mail Armor
27:46 Forging
27:32 Arson
28:43 Gold Shaft Mining
28:28 Town Watch
30:21 Iron Casting
30:13 Fabric Shields
30:45 Plate Mail Armor
29:43 Elite Champi Warrior
33:44 Blast Furnace
33:15 Fletching
CQ.TurpiAcho
10:00 Feudal Age
13:36 Castle Age
11:34 Double-Bit Axe
14:42 Bow Saw
19:46 Wheelbarrow
25:13 Imperial Age
23:42 Hand Cart
23:53 Ballistics
23:30 Horse Collar
23:51 Loom
24:26 Gold Mining
24:28 Stone Mining
25:23 Fletching
24:55 Crossbowman
27:16 Chemistry
26:13 Bodkin Arrow
27:39 Two-Man Saw
26:04 Arbalester
27:13 Heavy Plow
28:11 Thumb Ring
28:19 Bracer
29:51 Gold Shaft Mining
30:24 Padded Archer Armor
31:29 Scale Mail Armor
32:08 Conscription
32:55 Leather Archer Armor
32:57 Chain Mail Armor
DK_Dani
9:16 Feudal Age
8:59 Loom
12:56 Castle Age
11:53 Double-Bit Axe
33:36 Wheelbarrow
32:46 Town Watch
DK_Nightclaim
6:23 Loom
8:44 Feudal Age
9:25 Double-Bit Axe
9:41 Horse Collar
10:39 Wheelbarrow
20:40 Castle Age
19:08 Fletching
21:18 Bodkin Arrow
23:55 Bow Saw
29:20 Imperial Age
27:31 Heavy Plow
28:52 Guard Tower
29:00 Gold Mining
DK_Odysseo
10:57 Feudal Age
14:33 Castle Age
12:59 Double-Bit Axe
13:23 Horse Collar
15:34 Light Cavalry
22:00 Bow Saw
24:07 Wheelbarrow
23:41 Heavy Plow
26:23 Loom
26:53 Hand Cart
26:24 Town Watch
30:14 Imperial Age
27:55 Fletching
28:05 Padded Archer Armor
28:29 Gold Mining
29:22 Bodkin Arrow
30:19 Ballistics
30:32 Husbandry
30:51 Bloodlines
31:05 Bracer
32:11 Chemistry
31:14 Heavy Cavalry Archer
31:54 Crossbowman
Connection lost

Rejoining the realm…

Still unreachable

The connection could not be restored.

Session expired

The server has moved on; the page needs a fresh start.